 Dungeon Crawl Stone Soup version 0.17-a0-1450-g7e755d1 (webtiles) character file.

492 Fizybubbleh the Reanimator (level 6, 0/41 HPs)
             Began as a Mummy Necromancer on June 30, 2015.
             Was a Follower of Sif Muna.
             Shot with an arrow by a centaur (12 damage)
             ... on level 5 of the Dungeon.
             The game lasted 00:27:04 (7104 turns).

Fizybubbleh the Reanimator (Mummy Necromancer)      Turns: 7104, Time: 00:27:04

Health: 0/41       AC:  4    Str: 12    XL:     6   Next: 91%
Magic:  6/10       EV:  7    Int: 16    God:    Sif Muna [*.....]
Gold:   258        SH:  0    Dex: 12    Spells: 3 memorised, 3 levels left

rFire  x . .     SeeInvis .     d - +0 dagger
rCold  + . .     Clarity  .     h - +0 robe (curse)
rNeg   + + +     SustAt   .     (no shield)
rPois  ∞         Gourm    .     (no helmet)
rElec  .         Spirit   .     (no cloak)
rCorr  .         Warding  .     (no gloves)
rMut   .         Stasis   .     c - +1 pair of boots
MR     .....                    (no amulet)
Stlth  ++........               (no ring)
                                (no ring)

@: not resistant to hostile enchantments, unstealthy
A: no food or potions, fire vulnerability, cold resistance 1, negative energy
resistance 3, torment resistance, unbreathing
a: Channel Energy, Renounce Religion


You were on level 5 of the Dungeon.
You worshipped Sif Muna.
Sif Muna was aware of your devotion.
You were not hungry.

You visited 1 branch of the dungeon, and saw 5 of its levels.

You collected 258 gold pieces.

Inventory:

Hand weapons
 d - a +0 dagger (weapon)
Missiles
 f - 100 stones (quivered)
 g - 2 throwing nets
Armour
 a - a +0 robe
 c - a +1 pair of boots (worn)
 h - a cursed +0 robe (worn)
Scrolls
 e - 2 scrolls of identify {unknown}
 i - 3 scrolls of magic mapping {unknown}
 j - a scroll of remove curse {unknown}
 k - a scroll of random uselessness {unknown}
 l - 3 scrolls of enchant weapon {unknown}
Books
 b - a book of Necromancy

   Spells                             Type                      Level
   a - Pain                           Necromancy                   1
   b - Animate Skeleton               Necromancy                   1
   c - Vampiric Draining              Necromancy                   3
   d - Regeneration                   Charms/Necromancy            3
   e - Animate Dead                   Necromancy                   4
   f - Control Undead                 Necromancy                   4


   Skills:
 - Level 1.5 Dodging
 - Level 1.5 Stealth
 + Level 3.0 Spellcasting
 - Level 8.0 Necromancy


You had 3 spell levels left.
You knew the following spells:

 Your Spells              Type           Power        Failure   Level  Hunger
a - Pain                  Necr           ####         1%          1    N/A
b - Vampiric Draining     Necr           ####......   1%          3    N/A
c - Animate Dead          Necr           N/A          10%         4    N/A

Dungeon Overview and Level Annotations

Branches:
Dungeon (5/15)
 Temple: D:4-7

Altars:
Dithmenos
Fedhas
Nemelex Xobeh
Ru
Sif Muna
Yredelemnul
The Shining One

Shops:
D:4 =

Annotations:
D:3 Grinder, Natasha
D:5 exclusions: centaur and water moccasin, HEYYEYAAE's ghost, experienced HuAE


Innate Abilities, Weirdness & Mutations

You do not eat or drink.
Your flesh is vulnerable to fire.
You are immune to poison.
Your flesh is cold resistant.
You are immune to negative energy.
You are immune to unholy pain and torment.
You can survive without breathing.


Message History

The centaur shoots an arrow.
The arrow hits you.
You take 5 damage, and have 34/41 hp.
You now have 9/10 mp.
Aim: a centaur, wielding a shortbow (moderately wounded, chance to defeat MR: 84%)
The centaur convulses in agony!
The centaur shoots an arrow.
The arrow hits you.
The centaur shoots an arrow.
The arrow hits you!
You take 9 damage, and have 25/41 hp.
MASSIVE DAMAGE!!
You now have 8/10 mp.
Aim: a centaur, wielding a shortbow (heavily wounded, chance to defeat MR: 84%)
The centaur convulses in agony!
The centaur shoots an arrow.
The arrow hits you.
You take 4 damage, and have 21/41 hp.
You now have 7/10 mp.
Aim: a centaur, wielding a shortbow (severely wounded, chance to defeat MR: 84%)
The centaur barely resists.
The centaur shoots an arrow.
The arrow hits you!
* * * LOW HITPOINT WARNING * * *
You take 9 damage, and have 12/41 hp.
MASSIVE DAMAGE!!
You now have 6/10 mp.
The centaur shoots an arrow.
The arrow hits you!
You die... )s

#.####)##......# #.###
#. #...##.##......#
#)##. #.
###......##.####.#
#.##.
##.##...........#
#.###.##.
.#.##...........###.##
#........
................# #..#
#.###.###
##/##..####...#.# ##.#
#.# #.# # .....
#...#.####.###.# #.# #
#.###.
#####@...c#†.#.###.# .
# #.
######.#.#.....##. #.
#.#.########. .. #.#.#
#. ## #.#.# #. #.#.#
#> #.#.# . #.#.# .
#.#†### †


You could see a centaur.

Vanquished Creatures
  An ogre (D:4)
  A scorpion (D:4)
  A hound (D:4)
  A gnoll shaman (D:5)
  An iguana (D:4)
  A worker ant (D:4)
  3 gnolls (D:5)
  6 adders
  An adder skeleton (D:5)
  7 worms
  A giant gecko (D:1)
  An orc (D:4)
  19 bats
  2 giant cockroaches
  8 hobgoblins
  8 jackals
  7 kobolds
  A ball python (D:1)
  4 giant newts
  3 goblins
  13 rats
90 creatures vanquished.

Vanquished Creatures (collateral kills)
  2 scorpions (D:4)
  A jelly (D:4)
  An adder (D:4)
  An orc (D:4)
  A hobgoblin (D:4)
  A bat (D:4)
  A rat (D:4)
8 creatures vanquished.

Vanquished Creatures (others)
  A fungus (D:4)
1 creature vanquished.

Grand Total: 99 creatures vanquished

Notes
Turn   | Place    | Note
--------------------------------------------------------------
     0 | D:1      | Fizybubbleh the Mummy Necromancer began the quest for the Orb.
     0 | D:1      | Reached XP level 1. HP: 13/13 MP: 3/3
   384 | D:1      | Reached XP level 2. HP: 19/19 MP: 3/5
  2126 | D:2      | Reached skill level 5 in Necromancy
  2154 | D:1      | Reached XP level 3. HP: 11/24 MP: 0/6
  2159 | D:1      | Learned a level 3 spell: Vampiric Draining
  3281 | D:2      | Reached XP level 4. HP: 30/30 MP: 5/7
  3489 | D:2      | Found a glowing golden altar of the Shining One.
  3491 | D:2      | Found a sacrificial altar of Ru.
  3492 | D:2      | Found a sparkling altar of Nemelex Xobeh.
  3492 | D:2      | Found a basalt altar of Yredelemnul.
  3493 | D:2      | Found a deep blue altar of Sif Muna.
  3493 | D:2      | Found a shadowy altar of Dithmenos.
  3494 | D:2      | Found a blossoming altar of Fedhas.
  3502 | D:2      | Became a worshipper of Sif Muna the Loreminder
  4018 | D:3      | Noticed Natasha
  4115 | D:3      | Found a blossoming altar of Fedhas.
  4151 | D:3      | Reached skill level 6 in Necromancy
  4280 | D:3      | Noticed Grinder
  4286 | D:3      | Paralysed by Grinder for 4 turns
  4301 | D:3      | Paralysed by Grinder for 7 turns
  4510 | D:3      | Found a faded altar to an unknown god.
  4778 | D:4      | Found Edwatoa's Jewellery Emporium.
  4959 | D:4      | Reached XP level 5. HP: 35/35 MP: 3/8
  5185 | D:4      | Noticed an ogre
  5190 | D:4      | Killed an ogre
  5190 | D:4      | Reached skill level 7 in Necromancy
  5235 | D:4      | Learned a level 4 spell: Animate Dead
  5366 | D:4      | Reached XP level 6. HP: 39/41 MP: 7/9
  5701 | D:4      | Acquired Sif Muna's first power
  5931 | D:4      | Reached skill level 8 in Necromancy
  6402 | D:5      | Entered Level 5 of the Dungeon
  6870 | D:5      | Noticed a water moccasin
  6915 | D:5      | Noticed HEYYEYAAE's ghost (experienced HuAE)
  7104 | D:5      | Shot with an arrow by a centaur

Vault maps used:
D:1:      dpeg_arrival_arbitrary_c, solitary_fountain, minmay_distorted
D:2:      grunt_temple_overflow_open
D:3:      ecumenical_altar_1, fedhas_altar_1, uniq_natasha, uniq_grinder,
          uniq_terence
D:4:      old_forge, first_bread, serial_shops, shop, kennysheep_small_circle

Action                   |  1- 3 |  4- 6 || total
-------------------------+-------+-------++-------
Melee: Dagger            |    48 |    21 ||    69
Throw: Stone             |    60 |    29 ||    89
 Cast: Pain              |   125 |   113 ||   238
       Animate Dead      |       |     7 ||     7
       Vampiric Draining |       |     1 ||     1
Invok: Channel Energy    |       |     4 ||     4
